 Dungeon Crawl Stone Soup version 0.32-a0-953-g508020473e (webtiles) character file.

Game seed: 286945855033567119

45 timneilson the Ruffian (level 3, -2/23 HPs)
             Began as an Octopode Shapeshifter on Apr 16, 2024.
             Slain by a goblin
             ... wielding a +0 dagger
             ... led by Robin
              (4 damage)
             ... on level 2 of the Dungeon.
             The game lasted 00:01:22 (863 turns).

timneilson the Ruffian (Octopode Shapeshifter)       Turns: 863, Time: 00:01:22

Health: -2/23      AC:  1    Str: 15    XL:     3   Next: 64%
Magic:  3/3        EV: 12    Int: 18    God:
Gold:   92         SH:  0    Dex: 11    Spells: 2/2 levels left

rFire   . .          .
                       - Unarmed
rCold   . . .        (no shield)
rNeg    . . .        (helmet currently unavailable)
rPois   .            (no amulet)
rElec   .            d - +6 ring of intelligence
rCorr   .            (no ring)
SInv    .            (no ring)
Will    .....        (no ring)
Stlth   +++          (no ring)
HPRegen 0.23/turn    (no ring)
MPRegen 0.08/turn    (no ring)
                     (no ring)

%: no passive effects
@: beast-form
A: beast (slay +1), almost no armour, amphibious, 8 rings, camouflage 1,
gelatinous body 1, (nimble swimmer 1), tentacles
a: Begin Untransformation


You were on level 2 of the Dungeon.
You were a hulking beast.
You visited 1 branch of the dungeon, and saw 2 of its levels.

You collected 92 gold pieces.

Inventory:

Jewellery
 d - a +6 ring of intelligence (left tentacle)
Talismans
 b - a beast talisman (active)
 c - a flux talisman
Potions
 a - a potion of lignification
 e - a potion of enlightenment {unknown}


   Skills:
 + Level 1.3 Fighting
 * Level 2.5 Dodging
 + Level 1.2 Stealth
 * Level 3.4 Unarmed Combat
 * Level 3.3 Shapeshifting


You had 2 spell levels left.
You didn't know any spells.
Your spell library contained the following spells:

 Spells                   Type           Power      Damage    Failure   Level
 Ensorcelled Hibernation  Hex/Ice        0%         N/A       32%         2
 Fugue of the Fallen      Necr           0%         N/A       54%         3
 Inner Flame              Hex/Fire       0%         N/A       54%         3
 Anguish                  Hex/Necr       0%         N/A       91%         4
 Flame Wave               Conj/Fire      0%         2d4       91%         4
 Sticky Flame             Fire/Alch      0%         2d4       91%         4


Dungeon Overview and Level Annotations

Branches:
Dungeon (2/15)

Altars:

Shops:
D:1 [

Annotations:
D:2 Robin


Innate Abilities, Weirdness & Mutations

You are a hulking beast.
Your limbs bulge with bestial killing power. (Slay +1)
You cannot wear most types of armour.
You are amphibious.
You can wear up to eight rings at the same time.
Your skin changes colour to match your surroundings (Stealth+).
Your rubbery body absorbs attacks. (AC +1, EV +1)
((You are camouflaged when in or above water. (Stealth+)))
You have tentacles for arms and can constrict up to eight enemies at once.


Message History

You bludgeon the ribbon worm! Your grab misses the ribbon worm.
The ribbon worm is heavily wounded.
The ribbon worm closely misses you.
You tentacle-slap the ribbon worm. Your grab misses the ribbon worm.
The ribbon worm is severely wounded.
The ribbon worm bites you.
You tentacle-slap the ribbon worm. Your grab misses the ribbon worm.
The ribbon worm is almost dead.
The ribbon worm bites you.
You barely miss the ribbon worm. Your grab misses the ribbon worm.
The ribbon worm is almost dead.
The ribbon worm expels a string of sticky webbing.
The stream of webbing hits you but does no damage.
You are caught in a web!
You struggle to detach yourself from the web.
The web tears apart.
The goblin misses you.
Robin of the Strong Arm comes into view.
They are wielding a +0 dagger and carrying a wand of flame.
The ribbon worm bites you.
Robin shouts!
You tentacle-slap the ribbon worm. You grab the ribbon worm.
The ribbon worm is severely wounded.
You constrict the ribbon worm.
You hear a shout! x2
The goblin hits you with a +0 dagger. The ribbon worm barely misses you.
You tentacle-slap the ribbon worm. You squeeze the ribbon worm.
You kill the ribbon worm!
The goblin hits you with a +0 dagger. The goblin hits you with a +0 club.
* * * LOW HITPOINT WARNING * * *
Robin roars a battlecry!
The goblins go into a battle-frenzy!
You hear a shout! x5
The goblin attacks as it pursues you! The goblin hits you with a +0 dagger.
* * * LOW HITPOINT WARNING * * *
A goblin comes into view. It is wielding a +0 dagger.
The goblin attacks as it pursues you! The goblin barely misses you.
Unknown command.
The goblin misses you.
The goblin shouts!
You hear a shout!
The goblin attacks as it pursues you! The goblin hits you with a +0 dagger.
You die...

#.#.............
#...............
###...†.....g...
#...........###
#.....g........
#..........##..
#.........## ..
#....gg...#
#....h....#
#......J..#
#....<....#
#.........#
#.......>.#
##..>....##
##.....##
#######


You could see Robin, an endoplasm and 3 goblins.

Vanquished Creatures
  2 adders (D:2)
  A ribbon worm (D:2)
  3 ball pythons
  3 bats
  3 endoplasms (D:2)
  3 goblins
  3 hobgoblins
  2 jackals (D:1)
  2 rats
22 creatures vanquished.

Notes
Turn   | Place    | Note
-------+----------+-------------------------------------------
     0 | D:1      | timneilson the Octopode Shapeshifter began the quest for
                  | the Orb.
     0 | D:1      | Reached XP level 1. HP: 13/13 MP: 1/1
    41 | D:1      | Reached XP level 2. HP: 4/18 MP: 2/2
   209 | D:1      | Found Wenuf's Antique Armour Shop.
   603 | D:2      | Reached skill level 1 in Stealth
   603 | D:2      | Reached XP level 3. HP: 8/23 MP: 3/3
   855 | D:2      | Noticed Robin
   858 | D:2      | HP: 1/23 [goblin/+0 dagger[Robin] (2)]
   863 | D:2      | Slain by a goblin

Illustrated notes

Levels and vault maps discovered:
D:1:      tarquinn_simple_flora_water_a, layout_rooms, serial_shops,
          nicolae_shop_statue_plus, chequers_serial_rivers_small_3
D:2:      layout_rooms, uniq_robin

Skill      XL: |  1  2 |
---------------+-------+-----
Stealth        | 1 |  1.2
Fighting       | |  1.3
Dodging        | |  2.5
Unarmed Combat | |  3.4
Shapeshifting  | |  3.3

Action                     || total
---------------------------++-------
  Melee: Unarmed           ||    50
         Constrict         ||    10
         Tentacles         ||     7
         Punch             ||     1
    Use: Scroll            ||     1
 Armour: Skin              ||    34
  Dodge: Dodged            ||    41

Table legend: (Time is in decaauts)
 A = Elapsed time spent in this place.
 B = Non-inter-level travel time spent in this place.
 C = Inter-level travel time spent in this place.
 D = Time resting spent in this place.
 E = Time spent auto-exploring this place.
 F = Levels seen in this place.
 G = Mean time per level.
                   A        B        C        D        E       F      G
               +--------+--------+--------+--------+--------+-----+--------+
         Total |    859 |    821 |     38 |    292 |    389 |   2 |  429.5 |
       Dungeon |    859 |    821 |     38 |    292 |    389 |   2 |  429.5 |
               +--------+--------+--------+--------+--------+-----+--------+

Top non-repeatable levels by time:
     D:1: 570 daAuts
     D:2: 288 daAuts
